 Dungeon Crawl Stone Soup version 0.22-a0-515-g75794bf (webtiles) character file.

364 inc the Shield-Bearer (level 6, -2/36 HPs)
             Began as an Octopode Ice Elementalist on June 19, 2018.
             Killed by nerve-wracking pain
             ... invoked by Grinder
              (10 damage)
             ... on level 3 of the Dungeon.
             The game lasted 00:06:22 (2826 turns).

inc the Shield-Bearer (Octopode Ice Elementalist)   Turns: 2826, Time: 00:06:23

Health: -2/36      AC:  4    Str:  8    XL:     6   Next: 67%
Magic:  9/9        EV: 11    Int: 19    God:
Gold:   123        SH: 10    Dex: 12    Spells: 8/9 levels left

rFire    . . .     SeeInvis .   c - +0 dagger (venom)
rCold    . . .     Gourm    .   h - +1 shield {AC+3}
rNeg     . . .     Faith    .   (helmet restricted)
rPois    .         Spirit   .   o - amulet of regeneration
rElec    .         Reflect  .   (no ring)
rCorr    .         Harm     .   (no ring)
MR       .....                  (no ring)
Stlth    +++.......             (no ring)
HPRegen  0.52/turn              (no ring)
MPRegen  0.11/turn              (no ring)
                                (no ring)
                                (no ring)

@: no status effects
A: almost no armour, stealthy swim, amphibious, 8 rings, constrict 8, camouflage
1, gelatinous body 1
a: no special abilities


You were on level 3 of the Dungeon.
You were very hungry.

You visited 1 branch of the dungeon, and saw 4 of its levels.

You collected 123 gold pieces.

Inventory:

Hand Weapons
 c - a +0 dagger of venom (weapon)
Armour
 h - a +1 shield of protection (worn)
Magical Staves
 m - an uncursed staff of energy
Jewellery
 o - an amulet of regeneration (around mantle)
Scrolls
 a - 3 scrolls of identify {unknown}
 e - a scroll of teleportation {unknown}
 f - 4 scrolls of amnesia {unknown}
 g - a scroll of enchant armour {unknown}
 i - 2 scrolls of immolation {unknown}
 j - a scroll of fear {unknown}
 q - a scroll of magic mapping {unknown}
 s - a scroll of remove curse {unknown}
Potions
 d - 2 potions of mutation {unknown}
 k - 2 potions of heal wounds {unknown}
 l - a potion of agility {unknown}
 n - 2 potions of curing {unknown}
 p - a potion of resistance {unknown}
 r - a potion of lignification {unknown}
Comestibles
 b - 6 rations


   Skills:
 - Level 2.0 Dodging
 - Level 2.6 Stealth
 + Level 6.0 Shields
 - Level 2.0 Spellcasting
   Level 1.0 Conjurations
 - Level 3.8 Ice Magic


You had 8 spell levels left.
You knew the following spells:

 Your Spells              Type           Power        Failure   Level  Hunger
a - Freeze                Ice            ###.         11%         1    #......

Your spell library contained the following spells:

 Spells                   Type           Power        Failure   Level  Hunger
 Confuse                  Hex            #.......     85%         3    ###....
 Throw Frost              Conj/Ice       ##....       30%         2    ###....
 Summon Ice Beast         Ice/Summ       #.......     94%         4    #####..
 Ozocubu's Armour         Chrm/Ice       #.......     58%         3    ###....
 Throw Icicle             Conj/Ice       ##......     89%         4    #####..
 Confusing Touch          Hex            #.....       47%         1    #......
 Metabolic Englaciation   Hex/Ice        #.........   100%        5    ######.
 Petrify                  Tmut/Erth      #.......     99%         4    #####..
 Gell's Gravitas          Tloc           #.........   85%         3    ###....
 Yara's Violent Unravell  Hex/Tmut       #.........   100%        5    ######.


Dungeon Overview and Level Annotations

Branches:
Dungeon (4/15)
 Temple: D:4-7

Altars:
Ashenzari

Shops:
D:4 }

Annotations:
D:3 Grinder


Innate Abilities, Weirdness & Mutations

You cannot wear most types of armour.
You are very stealthy in the water. (Stealth+)
You are amphibious.
You can wear up to eight rings at the same time.
You can use your tentacles to constrict eight enemies at once.
Your skin changes colour to match your surroundings (Stealth+).
Your rubbery body absorbs attacks. (AC +1, EV +1)


Message History

You constrict Grinder, but do no damage.
Grinder hits you.
You writhe in agony.
You hit Grinder but do no damage.
Grinder is heavily wounded.
You constrict Grinder, but do no damage.
Grinder gestures at you.
You suddenly lose the ability to move!
You lose your grip on Grinder.
Grinder hits you.
You writhe in agony.
Grinder blinks!
Grinder hits you!
* * * LOW HITPOINT WARNING * * *
You writhe in agony.
* * * LOW HITPOINT WARNING * * *
You can move again.
Unknown command.
You hit Grinder.
Grinder looks even sicker.
Your grab misses Grinder.
Grinder is severely wounded.
Grinder gestures at you. Pain shoots through your body!
You die...

.....................#.#.#
.................#.......#
.................###.....#
.................# #....##
.................# #.##.####
.................# #.# .##.#
.................##### ##.#
..................# #.#
...............5@.## #.######
...................# #.......
.........).......#.# #.##.###
..........)......#.## #.##.#
[.........[......#..# #....#
.................##.######.######
...........[.....##.....##.......
.......##########.............##.
.......##########..#..#.##.##....


You could see Grinder.

Vanquished Creatures
  A wight (D:4)
  3 orc priests
  An orc wizard (D:3)
  Natasha (thrice) (D:3)
  5 adders
  2 worms (D:3)
  A dart slug (D:3)
  A leopard gecko (D:1)
  9 orcs
  4 giant cockroaches
  6 goblins
  9 hobgoblins
  9 jackals
  5 kobolds
  A quokka (D:4)
  A ball python (D:3)
  5 bats
  2 frilled lizards
  5 rats
73 creatures vanquished.

Notes
Turn   | Place    | Note
-------+----------+-------------------------------------------
     0 | D:1      | inc the Octopode Ice Elementalist began the quest for the Orb.
     0 | D:1      | Reached XP level 1. HP: 11/11 MP: 3/3
   239 | D:1      | Reached XP level 2. HP: 15/17 MP: 0/5
   759 | D:1      | Reached skill level 1 in Shields
   759 | D:1      | Reached XP level 3. HP: 19/21 MP: 6/6
  1168 | D:2      | Reached skill level 2 in Shields
  1289 | D:2      | Reached XP level 4. HP: 27/27 MP: 7/7
  1736 | D:2      | Reached skill level 3 in Shields
  2000 | D:3      | Reached XP level 5. HP: 10/31 MP: 8/8
  2168 | D:3      | Reached skill level 4 in Shields
  2202 | D:3      | Found a shattered altar of Ashenzari.
  2203 | D:3      | Noticed Natasha
  2228 | D:3      | Killed Natasha
  2290 | D:3      | Noticed Grinder
  2383 | D:4      | Found Boreo's Gadget Shop.
  2421 | D:4      | Reached skill level 5 in Shields
  2421 | D:4      | Reached XP level 6. HP: 12/36 MP: 9/9
  2577 | D:3      | Noticed Natasha
  2583 | D:3      | Killed Natasha
  2736 | D:3      | Noticed Natasha
  2747 | D:3      | Killed Natasha
  2747 | D:3      | Reached skill level 6 in Shields
  2801 | D:3      | Paralysed by Grinder for 7 turns
  2809 | D:3      | Paralysed by Grinder for 4 turns
  2819 | D:3      | Paralysed by Grinder for 7 turns
  2826 | D:3      | Killed from afar by Grinder

Vault maps used:
D:1:      onia_arrival_pyramid, minmay_misc_feat_rugged
D:3:      ashenzari_conservatory_becter, first_ration, minivault_27,
          uniq_natasha, uniq_grinder
D:4:      gammafunk_temple_overflow_statue, minmay_temple_entry_nine_rooms,
          kennysheep_small_circle, uniq_blork_the_orc

Skill      XL: |  1  2  3  4  5  6 |
---------------+-------------------+-----
Shields        | 1 2 3 5 6 |  6.0
Dodging        | |  2.0
Stealth        | |  2.6
Spellcasting   | |  2.0
Conjurations   | |  1.0
Ice Magic      | |  3.8

Action                   |  1- 3 |  4- 6 || total
-------------------------+-------+-------++-------
Melee: Dagger            |    64 |   142 ||   206
       Constrict         |    16 |    34 ||    50
       Tentacles         |     7 |    30 ||    37
 Cast: Freeze            |     7 |       ||     7
 Stab: Sleeping          |     8 |     8 ||    16
  Eat: Chunk             |     1 |     4 ||     5
Armor: Skin              |    15 |    22 ||    37
Dodge: Dodged            |    29 |    66 ||    95
Block: Shield            |    13 |    64 ||    77

Table legend:
 A = Spawn XP
 B = Non-spawn XP
 C = Spawn XP percentage of total XP
 D = Spawn monster count
 E = Non-spawn monster count
 F = Spawn count percentage of total count
 G = Total turns spent on level
                    A         B        C        D         E        F      G
               +---------+---------+-------+---------+---------+-------+---------
         Total |       0 |     521 |   0.0 |       0 |      73 |   0.0 |  2826
               +---------+---------+-------+---------+---------+-------+---------
           D:1 |       0 |      39 |   0.0 |       0 |      21 |   0.0 |  1097
           D:2 |       0 |      78 |   0.0 |       0 |      20 |   0.0 |   878
           D:3 |       0 |     282 |   0.0 |       0 |      26 |   0.0 |   771
           D:4 |       0 |     122 |   0.0 |       0 |       6 |   0.0 |    80
               +---------+---------+-------+---------+---------+-------+---------
